 Dungeon Crawl Stone Soup version 0.29-a0-819-g94b489e0ae (webtiles) character file.

Game seed: 3577865494238693843

21756 Jwatts the Impaler (level 12, -5/108 HPs)
             Began as a Minotaur Fighter on June 17, 2022.
             Was an Initiate of Ru.
             Slain by a two-headed ogre
             ... wielding a +0 giant spiked club
              (11 damage)
             ... on level 12 of the Dungeon on July 6, 2022.
             The game lasted 02:07:19 (28447 turns).

Jwatts the Impaler (Minotaur Fighter)              Turns: 28447, Time: 02:07:19

Health: -5/108     AC: 35    Str: 32    XL:     12   Next: 57%
Magic:  11/11      EV:  7    Int:  4    God:    Ru [......]
Gold:   823        SH:  0    Dex: 16    Spells: 11/11 levels left

rFire   + . .      SeeInvis .   c - +3 scythe (flame)
rCold   . . .      Faith    .   (shield currently unavailable)
rNeg    . . .      Spirit   .   e - +5 crystal plate armour of Giysuonu {Will+ Slay+2}
rPois   .          Reflect  .   (helmet unavailable)
rElec   .          Harm     .   W - +2 cloak
rCorr   +          Rampage  .   R - +1 pair of gloves
Will    +....                   (no boots)
Stlth   ..........              j - amulet of regeneration
HPRegen 1.08/turn               l - ring of Propriety {Fire Contam rCorr Str+3 Dex+6}
MPRegen 0.12/turn               s - ring of protection from cold

@: no status effects
A: horns 3, retaliatory headbutt, hooves 1, strong 1
a: Renounce Religion, Sacrifice Love, Sacrifice Artifice, Sacrifice Stealth,
Reject Sacrifices


You were on level 12 of the Dungeon.
You worshipped Ru.
Ru was noncommittal.
You visited 2 branches of the dungeon, and saw 13 of its levels.

You collected 823 gold pieces.

Inventory:

Hand Weapons
 b - a +1 lajatang of electrocution
 c - a +3 scythe of flaming (weapon)
 C - a +5 shortbow
 D - a +0 dire flail of protection
 G - a +1 whip of electrocution
 K - a +3 spear
 N - a +3 hammer
Missiles
 f - 7 javelins
 i - 27 poisoned darts
 k - 153 stones (quivered)
 B - 9 boomerangs
 I - a throwing net
 L - 3 atropa-tipped darts
 O - 4 large rocks
 V - 3 curare-tipped darts
Armour
 e - the +5 crystal plate armour of Giysuonu (worn) {Will+ Slay+2}
   (You acquired it on level 1 of the Dungeon)

   Slay:      It affects your accuracy & damage with ranged weapons and melee
   (+2).
   Will:      It increases your willpower.
 g - an orb of energy
 x - a +0 buckler
 R - a +1 pair of gloves (worn)
 W - a +2 cloak (worn)
Jewellery
 j - an amulet of regeneration (around neck)
 l - the ring of Propriety (left hand) {Fire Contam rCorr Str+3 Dex+6}
   (You found it on level 9 of the Dungeon)

   [ring of fire]

   It enhances your fire magic.
   Str:       It affects your strength (+3).
   Dex:       It affects your dexterity (+6).
   rF:        It protects you from fire.
   rC:        It makes you vulnerable to cold.
   Contam:    It causes magical contamination when unequipped.
   rCorr:     It protects you from acid and corrosion.
 s - a ring of protection from cold (right hand)
Wands
 E - a wand of flame (24)
 F - a wand of charming (9)
 Z - a wand of light (3)
Scrolls
 m - 7 scrolls of teleportation
 q - 18 scrolls of identify
 r - 4 scrolls of blinking
 t - 2 scrolls of noise
 u - a scroll of vulnerability
 y - 2 scrolls of magic mapping
 A - a scroll of poison {unknown}
 H - 4 scrolls of enchant weapon
 M - a scroll of acquirement
 P - 2 scrolls of immolation
 S - a scroll of fog
 X - a scroll of amnesia
Potions
 a - a potion of attraction
 d - a potion of might
 h - 5 potions of lignification
 n - 2 potions of flight
 o - 3 potions of brilliance
 p - a potion of haste
 v - 4 potions of mutation
 w - a potion of degeneration
 z - 2 potions of curing
 J - 2 potions of cancellation
 Y - a potion of magic


   Skills:
 + Level 10.9 Fighting
 + Level 4.9 Maces & Flails
 + Level 16.3 Polearms
 + Level 0.6 Ranged Weapons
 + Level 15.3 Armour
 + Level 1.1 Dodging
 + Level 1.4 Stealth
 + Level 4.6 Shields


You had 11 spell levels left.
You didn't know any spells.
Your spell library contained the following spells:

 Spells                   Type           Power      Damage    Failure   Level
 Apportation              Tloc           0%         N/A       100%        1
 Necrotise                Necr           0%         1d4       100%        1
 Shock                    Conj/Air       0%         1d3       100%        1
 Summon Small Mammal      Summ           0%         N/A       100%        1
 Scorch                   Fire           0%         2d5       100%        2
 Sublimation of Blood     Necr           0%         N/A       100%        2
 Wereblood                Tmut           0%         N/A       100%        2
 Swiftness                Air            0%         N/A       100%        3
 Airstrike                Air            0%         0-1+      100%        4
 Flame Wave               Conj/Fire      0%         2d4       100%        4
 Summon Cactus Giant      Summ           0%         N/A       100%        6
 Summon Hydra             Summ           0%         N/A       100%        7


Dungeon Overview and Level Annotations

Branches:
Dungeon (12/15)            Temple (0/1) D:7            Lair (1/6) D:11
    Orc (0/2) D:9

Altars:
Cheibriados
Elyvilon
Hepliaklqana
Kikubaaqudgha
Nemelex Xobeh
Qazlal
Ru
Sif Muna
Uskayaw
Wu Jian
The Shining One


Innate Abilities, Weirdness & Mutations

You have a pair of large horns on your head.
You reflexively headbutt those who attack you in melee.
You have large cloven feet.
Your muscles are strong. (Str +4, Int/Dex -1)


Message History

You headbutt the two-headed ogre!!
The two-headed ogre is severely wounded.
The two-headed ogre hits you with a +0 giant spiked club!
The two-headed ogre hits you but does no damage.
You dice the two-headed ogre like an onion!!!
You burn the two-headed ogre.
You kill the two-headed ogre!
Unknown command.
The two-headed ogre hits you but does no damage.
The two-headed ogre hits you with a +0 dire flail!
Items here: ))) [ †.
You slash the two-headed ogre! You burn the two-headed ogre.
The two-headed ogre is moderately wounded.
The two-headed ogre closely misses you.
The two-headed ogre hits you but does no damage.
The two-headed ogre barely misses you.
The two-headed ogre hits you with a +0 giant spiked club.
The two-headed ogre barely misses you.
The two-headed ogre hits you with a +0 giant spiked club!
You slash the two-headed ogre! You burn the two-headed ogre.
You headbutt the two-headed ogre!!
The two-headed ogre is heavily wounded.
The two-headed ogre hits you but does no damage.
The two-headed ogre hits you with a +0 dire flail.
The two-headed ogre hits you with a +0 giant club.
The two-headed ogre closely misses you.
The two-headed ogre hits you but does no damage.
The two-headed ogre barely misses you.
You slash the two-headed ogre! You burn the two-headed ogre.
You kick the two-headed ogre. You headbutt the two-headed ogre!
The two-headed ogre is almost dead.
The two-headed ogre hits you with a +0 giant spiked club.
The two-headed ogre hits you with a +0 giant spiked club!
The two-headed ogre hits you with a +0 giant club!
* * * LOW HITPOINT WARNING * * *
The two-headed ogre hits you with a +0 giant spiked club!
* * * LOW HITPOINT WARNING * * *
The two-headed ogre hits you but does no damage.
The two-headed ogre hits you with a +0 dire flail!
You die...

##.#........#
#.#........#
#.'........#
###........#
#........#
#........#
#######'##
###O# #O@)#
#O### ..O
..... .......
#......
#......
#......


You could see 3 two-headed ogres and an ogre.

Vanquished Creatures
  A hydra (D:10)
  An ogre mage (D:12)
  The ghost of Pooter the Cleaver, a novice MiBe of Trog (D:9)
  5 two-headed ogres
  2 tengu warriors (D:11)
  2 deep elf pyromancers (D:9)
  Pikel (D:5)
  A cyclops (D:9)
  3 ugly things
  A manticore (D:9)
  A cane toad (Lair:1)
  A gargoyle (D:9)
  5 komodo dragons
  A kobold demonologist (D:9)
  4 trolls
  A hornet (D:8)
  Sigmund (D:3)
  17 yaks
  A wraith (D:11)
  2 wyverns
  A basilisk (Lair:1)
  Eustachio (D:4)
  3 steam dragons (D:9)
  3 unseen horror simulacra (D:9)
  The ghost of buhh the Bolt Thrower, an amateur FoHu (D:7)
  A warg (D:9)
  5 water moccasins
  A sky beast (D:7)
  5 orc warriors
  4 ice beasts
  3 ogres
  9 centaurs
  A phantom (D:5)
  A gnoll sergeant (D:6)
  4 kobold brigands
  5 scorpions
  Blork the orc (D:5)
  3 bullfrogs
  6 necrophages
  A water moccasin zombie (D:4)
  4 wights (D:10)
  5 killer bees (D:9)
  5 howler monkeys
  2 bullfrog zombies (D:4)
  A centaur zombie (D:4)
  A wyvern simulacrum (D:9)
  A quasit (D:7)
  A human zombie (D:4)
  Crazy Yiuf (D:5)
  2 orc priests (D:9)
  A hound (D:6)
  Terence (D:3)
  3 iguanas
  8 orc wizards
  Ijyb (D:5)
  3 mummies (D:4)
  5 gnolls (D:6)
  15 adders
  2 river rats (D:3)
  A shadow imp (D:7)
  3 white imps
  An ufetubus (D:6)
  An adder zombie (D:4)
  4 worms
  A dart slug (D:1)
  24 orcs
  8 ball pythons
  7 bats
  5 endoplasms
  2 giant cockroaches
  7 goblins
  7 hobgoblins
  2 quokkas
  4 frilled lizards
  21 kobolds
  9 rats
280 creatures vanquished.

Vanquished Creatures (others)
  5 demonic plants (D:7)
  3 fungi (Lair:1)
  73 plants
81 creatures vanquished.

Grand Total: 361 creatures vanquished

Notes
Turn   | Place    | Note
-------+----------+-------------------------------------------
     0 | D:1      | Jwatts the Minotaur Fighter began the quest for the Orb.
     0 | D:1      | Reached XP level 1. HP: 19/19 MP: 0/0
   606 | D:1      | Reached XP level 2. HP: 27/27 MP: 1/1
  1380 | D:1      | Found a faded altar of an unknown god.
  1416 | D:1      | Reached XP level 3. HP: 29/33 MP: 2/2
  1801 | D:1      | Identified a scroll of acquirement
  1801 | D:1      | Acquired the +5 crystal plate armour of Giysuonu {Will+
                  | Slay+2}
  2247 | D:2      | Reached skill level 1 in Dodging
  2388 | D:2      | Reached XP level 4. HP: 40/40 MP: 3/3
  2398 | D:2      | Found a sparkling altar of Nemelex Xobeh.
  3032 | D:3      | Found a sacrificial altar of Ru.
  3039 | D:3      | Noticed Terence
  3040 | D:3      | Became a worshipper of Ru the Awakened
  3052 | D:3      | Killed Terence
  3245 | D:3      | Noticed Sigmund
  3326 | D:3      | Killed Sigmund
  3327 | D:3      | Reached skill level 5 in Armour
  3327 | D:3      | Reached XP level 5. HP: 47/47 MP: 4/4
  3447 | D:3      | Reached XP level 6. HP: 48/53 MP: 5/5
  3884 | D:3      | Reached skill level 1 in Polearms
  4245 | D:3      | Gained mutation: Your muscles are strong. (Str +4, Int/Dex
                  | -1) [potion of mutation]
  4245 | D:3      | Gained mutation: You have large cloven feet. [potion of
                  | mutation]
  4245 | D:3      | Gained mutation: You have a pair of large horns on your
                  | head. [potion of mutation]
  6435 | D:4      | Reached skill level 5 in Fighting
  6435 | D:4      | Reached skill level 2 in Polearms
  6540 | D:4      | Upgraded the game from 0.29-a0-617-g7a6b98fccd to
                  | 0.29-a0-723-gce39da1c22
  6709 | D:4      | Reached skill level 3 in Polearms
  6709 | D:4      | Reached XP level 7. HP: 61/61 MP: 6/6
  7385 | D:4      | Noticed Eustachio
  7403 | D:4      | Killed Eustachio
  7404 | D:4      | Reached skill level 4 in Polearms
  8101 | D:4      | Reached skill level 5 in Polearms
  8111 | D:4      | Reached XP level 8. HP: 68/69 MP: 7/7
  8317 | D:4      | Found an ancient bone altar of Kikubaaqudgha.
  8340 | D:4      | Reached skill level 6 in Polearms
  8594 | D:5      | Entered Level 5 of the Dungeon
  8761 | D:5      | Reached skill level 7 in Polearms
  9440 | D:5      | Noticed Pikel
  9447 | D:5      | Killed Pikel
  9448 | D:5      | Reached skill level 8 in Polearms
  9448 | D:5      | Reached XP level 9. HP: 78/78 MP: 8/8
  9449 | D:5      | Noticed Ijyb
  9454 | D:5      | Noticed Blork the orc
  9458 | D:5      | Killed Ijyb
  9461 | D:5      | Killed Blork the orc
  9462 | D:5      | Reached skill level 9 in Polearms
  9677 | D:5      | Found a snail-covered altar of Cheibriados.
  9677 | D:5      | Found an ornate altar of the Wu Jian Council.
 10178 | D:5      | Found a runed translucent door.
 10179 | D:5      | Noticed Crazy Yiuf
 10308 | D:5      | Killed Crazy Yiuf
 11915 | D:6      | Found a hazy altar of Hepliaklqana.
 12328 | D:6      | Noticed a two-headed ogre
 12337 | D:6      | Killed a two-headed ogre
 12338 | D:6      | Reached skill level 10 in Polearms
 12338 | D:6      | Reached skill level 1 in Stealth
 13405 | D:7      | Found a transporter.
 13406 | D:7      | Noticed buhh's ghost (amateur FoHu)
 13407 | D:7      | Identified the +10 giant club of the Distant Future {drain,
                  | *Slow +Blink Str+6 Dex+3}
 13407 | D:7      | Noticed a two-headed ogre
 13473 | D:7      | Reached skill level 10 in Armour
 13475 | D:7      | Found a transporter.
 13940 | D:7      | Reached XP level 10. HP: 84/88 MP: 9/9
 14332 | D:7      | Found a white marble altar of Elyvilon.
 16132 | D:7      | Reached skill level 11 in Polearms
 16134 | D:7      | Killed buhh's ghost
 16546 | D:7      | Killed a two-headed ogre
 17565 | D:7      | Found a staircase to the Ecumenical Temple.
 17684 | D:8      | Noticed a two-headed ogre
 17904 | D:7      | Killed a two-headed ogre
 19420 | D:8      | Found a stormy altar of Qazlal.
 19551 | D:8      | Paralysed by a hornet for 3 turns
 20586 | D:9      | Reached skill level 12 in Polearms
 21620 | D:9      | Found a staircase to the Orcish Mines.
 21892 | D:9      | Noticed a gargoyle
 21904 | D:9      | Killed a gargoyle
 21905 | D:9      | Reached XP level 11. HP: 58/95 MP: 10/10
 22015 | D:9      | Found a runed translucent gate.
 22018 | D:9      | Found a runed translucent gate.
 22027 | D:9      | Found a runed translucent gate.
 22298 | D:9      | Reached skill level 13 in Polearms
 22324 | D:9      | Upgraded the game from 0.29-a0-723-gce39da1c22 to
                  | 0.29-a0-819-g94b489e0ae
 22474 | D:9      | Found a shimmering blue altar of Sif Muna.
 22546 | D:9      | Noticed Pooter's ghost (novice MiBe)
 22561 | D:9      | Killed Pooter's ghost
 22989 | D:9      | Got the ring of Propriety {Fire Contam rCorr Str+3 Dex+6}
 23088 | D:9      | Noticed a two-headed ogre
 23098 | D:9      | Killed a two-headed ogre
 23138 | D:9      | HP: 3/97 [barbs]
 23210 | D:9      | Reached skill level 14 in Polearms
 23241 | D:9      | Noticed a deep elf pyromancer
 23262 | D:9      | Killed a deep elf pyromancer
 23384 | D:9      | Noticed a deep elf pyromancer
 23418 | D:9      | Killed a deep elf pyromancer
 23851 | D:9      | Noticed a purple ugly thing
 23855 | D:9      | Noticed a red ugly thing
 23861 | D:9      | Killed a red ugly thing
 23867 | D:9      | Killed a purple ugly thing
 24252 | D:10     | Entered Level 10 of the Dungeon
 24445 | D:10     | Found a hide-covered altar of Uskayaw.
 24664 | D:10     | Found a glowing golden altar of the Shining One.
 24728 | D:10     | Noticed a white ugly thing
 24733 | D:10     | Killed a white ugly thing
 24792 | D:10     | Noticed an eight-headed hydra
 24801 | D:10     | Killed a 13-headed hydra
 24802 | D:10     | Reached skill level 15 in Polearms
 25499 | D:11     | Reached XP level 12. HP: 88/106 MP: 11/11
 25716 | D:11     | Noticed a tengu warrior
 25719 | D:11     | Noticed a tengu warrior
 25723 | D:11     | Killed a tengu warrior
 25724 | D:11     | Reached skill level 10 in Fighting
 25735 | D:11     | Killed a tengu warrior
 26320 | D:11     | Found a staircase to the Lair.
 26522 | D:11     | Identified the +0 leather armour "Ucuos" {Rampage rC+
                  | Will+}
 27164 | Lair:1   | Entered Level 1 of the Lair of Beasts
 27178 | Lair:1   | Found a hide-covered altar of Uskayaw.
 27290 | Lair:1   | Reached skill level 15 in Armour
 27685 | Lair:1   | Reached skill level 16 in Polearms
 28434 | D:12     | Noticed an ogre mage
 28434 | D:12     | Noticed a two-headed ogre
 28434 | D:12     | Noticed a two-headed ogre
 28435 | D:12     | Noticed a two-headed ogre
 28437 | D:12     | Killed an ogre mage
 28439 | D:12     | Noticed a two-headed ogre
 28442 | D:12     | Killed a two-headed ogre
 28447 | D:12     | Slain by a two-headed ogre

Illustrated notes

Levels and vault maps discovered:
D:1:      eino_arrival_water_star, layout_basic,
          hellmonk_ecumenical_altar_crossroads
D:2:      layout_basic, basic_altar, minmay_misc_feat_enclosed
D:3:      layout_basic, nicolae_ru_sacrificial_ziggurat,
          lightli_sewer_entry_pipes, amcnicky_mini_corridor_feature,
          chequers_serial_rivers_small_3, minivault_27, hangedman_glass_teeth,
          minmay_fractal_squares_gapless_5, uniq_terence, uniq_sigmund
D:4:      layout_layer_cave, lemuel_mausoleum_altar_kikubaaqudgha,
          minmay_small_thing, uniq_eustachio
D:5:      layout_basic, gammafunk_temple_overflow_elements,
          uniq_crazy_yiuf_cottage, uniq_ijyb, uniq_pikel, uniq_blork_the_orc
D:6:      hellmonk_ruined_rings, layout_cave_pools,
          mainiacjoe_overflow_cross_hatched
D:7:      layout_loops_ring, elyvilon_altar_1, minmay_temple_entry_antechambers,
          serial_demonic, serial_demonic_c, serial_demonic_f, serial_demonic_e,
          serial_demonic_g, gammafunk_ghost_smash
D:8:      layout_basic, lemuel_doored_altar
D:9:      nzn_winding_woodlands_small
          [nzn_winding_woodlands_5x15_river_crossing,
          nzn_winding_woodlands_center_pierced_h,
          nzn_winding_woodlands_5x15_cabin], layout_stronghold, led_sif_pool,
          david_orc_3, gammafunk_ghost_icy
D:10:     layout_cave_pools, kennysheep_little_box, kennysheep_mini,
          minmay_misc_feat_tower
D:11:     layout_cave_pools, david_lair_shrubbed
D:12:     layout_roguey, feat_on_display
Lair:1:   beast_lair_carwin_large_2, layout_hall_layers, basic_altar,
          serial_bayou_lagoon_a, st_stairs_9, chequers_serial_rivers_small_a,
          chequers_serial_rivers_marsh, nicolae_quartered_pool_impasse,
          serial_bayou_pond_d, serial_bayou_pond_e

Skill      XL: |  1  2  3  4  5  6  7  8  9 10 11 12 |
---------------+-------------------------------------+-----
Shields        | 4 |  4.6
Fighting       | 4 5 6 7 8 9 10 | 10.9
Armour         | 4 5 6 7 8 10 12 14 15 | 15.3
Maces & Flails | 3 4 |  4.9
Dodging        | 1 |  1.1
Polearms       | 3 5 8 10 12 15 16 | 16.3
Stealth        | 1 |  1.4
Ranged Weapons | |  0.6

Action                   |  1- 3 |  4- 6 |  7- 9 | 10-12 || total
-------------------------+-------+-------+-------+-------++-------
Melee: Flail             |    80 |    45 |       |       ||   125
       Headbutt          |     7 |    13 |    30 |   135 ||   185
       Scythe            |       |    67 |   152 |   503 ||   722
       Kick              |       |     3 |    43 |   208 ||   254
 Fire: Sling             |       |     2 |       |       ||     2
Throw: Stone             |       |       |       |     2 ||     2
  Use: Potion            |     4 |     4 |     4 |     5 ||    17
       Scroll            |     2 |     4 |     4 |     5 ||    15
 Stab: Invisible         |       |       |     1 |       ||     1
Armor: Scale mail        |    49 |       |       |       ||    49
       Crystal plate arm |    59 |   197 |   186 |   599 ||  1041
Dodge: Dodged            |    52 |    43 |    66 |   205 ||   366
Block: Buckler           |    34 |     4 |       |       ||    38

Table legend: (Time is in decaauts)
 A = Elapsed time spent in this place.
 B = Non-inter-level travel time spent in this place.
 C = Inter-level travel time spent in this place.
 D = Time resting spent in this place.
 E = Time spent auto-exploring this place.
 F = Levels seen in this place.
 G = Mean time per level.
                   A        B        C        D        E       F      G
               +--------+--------+--------+--------+--------+-----+--------+
         Total |  28960 |  28957 |      3 |  13706 |    177 |  13 | 2227.7 |
       Dungeon |  27750 |  27747 |      3 |  13546 |    177 |  12 | 2312.5 |
          Lair |   1209 |   1209 |      0 |    160 |      0 |   1 | 1209.0 |
               +--------+--------+--------+--------+--------+-----+--------+

Top non-repeatable levels by time:
     D:7: 4913 daAuts
     D:9: 3912 daAuts
     D:3: 3298 daAuts
     D:5: 3277 daAuts
     D:4: 2641 daAuts
     D:8: 2151 daAuts
     D:1: 1943 daAuts
    D:11: 1769 daAuts
     D:6: 1553 daAuts
    D:10: 1245 daAuts
  Lair:1: 1209 daAuts
     D:2: 982 daAuts
    D:12: 60 daAuts
